 Dungeon Crawl Stone Soup version 0.18-a0-1123-gbd92598 (webtiles) character file.

267 ater218 the Changer (level 6, 2/54 HPs)
             Began as a Troll Transmuter on Jan 19, 2016.
             Quit the game on level 4 of the Dungeon.
             The game lasted 00:14:20 (2141 turns).

ater218 the Changer (Troll Transmuter)              Turns: 2141, Time: 00:14:20

Health: 2/54       AC:  6    Str: 19    XL:     6   Next: 0%
Magic:  4/8        EV:  9    Int: 11    God:
Gold:   280        SH:  0    Dex: 10    Spells: 2 memorised, 5 levels left

rFire  . . .     SeeInvis .       - Unarmed
rCold  + . .     Gourm    +     b - +1 robe
rNeg   . . .     Faith    .     (no shield)
rPois  .         Spirit   .     (helmet restricted)
rElec  .         Dismiss  .     (no cloak)
rCorr  .         Reflect  .     (gloves unavailable)
SustAt .         Harm     .     (boots unavailable)
MR     .....                    (no amulet)
Stlth  +.........               q - ring of protection from cold
                                l - ring of flight

@: very slightly contaminated, not resistant to hostile enchantments, very
unstealthy
A: unfitting armour, claws 3, fast metabolism 3, gourmand, regeneration 2,
shaggy fur 1, tough skin 2, wild magic 1
a: Evoke Flight


You were on level 4 of the Dungeon.
You were very full.

You visited 1 branch of the dungeon, and saw 5 of its levels.

You collected 280 gold pieces.

Inventory:

Missiles
 a - 32 arrows
Armour
 b - a +1 robe (worn)
Jewellery
 l - a ring of flight (left claw)
 q - a ring of protection from cold (right claw)
Wands
 i - a wand of paralysis (7/24)
Scrolls
 g - 3 scrolls of recharging
 h - a scroll of remove curse
 j - a scroll of fog
 m - a scroll of fear
 n - 6 scrolls of identify
 o - a scroll of enchant armour
Potions
 e - a potion of curing
 f - a potion of might {unknown}
Books
 c - a book of Changes

   Spells                             Type                      Level
   a - Beastly Appendage              Transmutation                1
   b - Sticks to Snakes               Transmutation                2
   c - Spider Form                    Transmutation/Poison         3
   d - Ice Form                       Ice/Transmutation            4
   e - Blade Hands                    Transmutation                5
Comestibles
 d - 2 bread rations
 k - 2 beef jerkies
 p - a slice of pizza
 r - 4 chunks of flesh
 s - a meat ration


   Skills:
 - Level 0.7 Fighting
 - Level 1.5 Dodging
 - Level 3.0 Unarmed Combat
 - Level 2.0 Spellcasting
 * Level 4.3 Transmutations


You had 5 spell levels left.
You knew the following spells:

 Your Spells              Type           Power        Failure   Level  Hunger
a - Beastly Appendage     Trmt           ###...       13%         1    ##.....
b - Spider Form           Trmt/Pois      #.........   54%         3    ####...


Dungeon Overview and Level Annotations

Branches:
Dungeon (5/15)
 Temple: D:4-7

Altars:

Annotations:
D:4 Menkaure
D:5 ater218's ghost, novice OgBe


Innate Abilities, Weirdness & Mutations

You are too large for most types of armour.
You have claws for hands.
Your metabolism is lightning-fast.
You like to eat raw meat.
You heal very quickly.
You are covered in fur (AC +1).
You have very tough skin (AC +2).
Your spells are a little harder to cast, but a little more powerful.


Message History

Ater218's ghost hits you!
* * * LOW HITPOINT WARNING * * *
Your transformation is almost over.
Ater218's ghost hits you.
* * * LOW HITPOINT WARNING * * *
Your transformation has ended.
Your +1 robe unmelds from your body.
There is a stone staircase leading up here.
Ater218's ghost hits you.
* * * LOW HITPOINT WARNING * * *
You climb upwards.
You hear the sound of rushing water.
There is an entrance to a sewer on this level.
Hurry and find it before the portal rusts away!
You hear the brisk rusting of a very distant drain.
Level annotation: Menkaure Menkaure casts a spell at you.
Pain shoots through your body!
* * * LOW HITPOINT WARNING * * *
There is a stone staircase leading down here.
Are you sure you want to abandon this character and quit the game? (Confirm with "yes".)

.# .## ..## ##### ##...
.##.... ...######.#
.......###..#......#
....................
....$.M...@.............
#......................
#####.................
#......[....##...#
#...........##...#
..............+...+ ..
###.........####...#...
...........####รท..#...
#......................


You could see Menkaure.

Vanquished Creatures
  2 hounds (D:4)
  A giant frog skeleton (D:4)
  An iguana (D:3)
  4 adders
  An ooze (D:1)
  An adder skeleton (D:4)
  3 worms (D:2)
  4 giant geckos
  4 orcs
  4 ball pythons (D:2)
  6 bats
  7 giant cockroaches
  9 goblins
  5 hobgoblins
  17 jackals
  3 giant newts
  12 kobolds
  7 rats
91 creatures vanquished.

Notes
Turn   | Place    | Note
--------------------------------------------------------------
     0 | D:1      | ater218 the Troll Transmuter began the quest for the Orb.
     0 | D:1      | Reached XP level 1. HP: 18/18 MP: 1/1
    52 | D:1      | Reached XP level 2. HP: 21/26 MP: 3/3
   432 | D:1      | Reached XP level 3. HP: 25/32 MP: 4/4
   451 | D:1      | Learned a level 3 spell: Spider Form
   752 | D:2      | Reached XP level 4. HP: 40/40 MP: 3/5
   795 | D:2      | Gained mutation: Your spells are a little harder to cast, but a little more powerful. [potion of beneficial mutation]
   833 | D:2      | Found a faded altar to an unknown god.
  1571 | D:3      | Reached XP level 5. HP: 46/46 MP: 7/7
  1828 | D:4      | Noticed an ogre
  1837 | D:4      | Reached skill level 4 in Transmutations
  2059 | D:4      | Reached XP level 6. HP: 54/54 MP: 5/8
  2094 | D:4      | Noticed Menkaure
  2100 | D:5      | Entered Level 5 of the Dungeon
  2115 | D:5      | Noticed ater218's ghost (novice OgBe)
  2140 | D:4      | HP: 2/54 [Menkaure/nerve-wracking pain (7)]
  2141 | D:4      | Quit the game

Vault maps used:
D:1:      eino_arrival_tree_alley
D:2:      ecumenical_altar_2
D:4:      kennysheep_kobold_camp, grunt_temple_overflow_bloody_war,
          gup_sewer_entry_bowl, tgw_sif, uniq_menkaure
D:5:      fedhas_bush_and_centaur_altar, serial_shops, shop, first_bread

Action                   |  1- 3 |  4- 6 || total
-------------------------+-------+-------++-------
Melee: Unarmed           |    93 |   160 ||   253
 Cast: Beastly Appendage |     1 |     6 ||     7
       Spider Form       |       |     1 ||     1
  Use: Scroll            |     4 |     7 ||    11
       Potion            |     1 |     2 ||     3
  Eat: Chunk             |    12 |    13 ||    25
